 Dungeon Crawl Stone Soup version 0.28-a0-422-gd71735cc25 (webtiles) character file.

Game seed: 5078876484776534721

44 gruber the Caller (level 3, 24/24 HPs)
             Began as a Barachi Summoner on Sept 5, 2021.
             Quit the game on level 3 of the Dungeon on Sept 8, 2021.
             The game lasted 00:03:29 (3401 turns).

gruber the Caller (Barachi Summoner)                Turns: 3401, Time: 00:03:29

Health: 24/24      AC:  2    Str:  9    XL:     3   Next: 62%
Magic:  7/7        EV: 12    Int: 22    God:
Gold:   116        SH:  0    Dex: 12    Spells: 5/8 levels left

rFire   . . .      SeeInvis .   (no weapon)
rCold   . . .      Faith    .   (no shield)
rNeg    . . .      Spirit   .   a - +0 robe
rPois   .          Reflect  .   (no helmet)
rElec   .          Harm     .   (no cloak)
rCorr   .          Rampage  .   (no gloves)
Will    .....                   (no boots)
Stlth   ++........              (no amulet)
HPRegen 0.08/turn               h - +6 ring of intelligence
MPRegen 0.10/turn               (no ring)

@: slow
A: amphibious, slowness 1, strong legs 1, +LOS
a: Hop


You were on level 3 of the Dungeon.
You visited 1 branch of the dungeon, and saw 3 of its levels.

You collected 116 gold pieces.

Inventory:

Missiles
 f - 12 poisoned darts
Armour
 a - a +0 robe (worn)
Jewellery
 h - a +6 ring of intelligence (left hand)
Scrolls
 c - 2 scrolls of teleportation {unknown}
 d - 2 scrolls of identify {unknown}
 e - a scroll of amnesia {unknown}
Potions
 b - a potion of attraction {unknown}
 g - a potion of brilliance {unknown}


   Skills:
 - Level 2.1 Dodging
 - Level 1.7 Stealth
 + Level 3.1 Spellcasting
 + Level 5.7 Summonings


You had 5 spell levels left.
You knew the following spells:

 Your Spells              Type           Power      Damage    Failure   Level
a - Summon Small Mammal   Summ           100%       N/A       1%          1
b - Call Imp              Summ           28%        N/A       1%          2

Your spell library contained the following spells:

 Spells                   Type           Power      Damage    Failure   Level
 Call Canine Familiar     Summ           28%        N/A       3%          3
 Summon Guardian Golem    Hex/Summ       16%        N/A       12%         3
 Summon Lightning Spire   Summ/Air       16%        N/A       36%         4


Dungeon Overview and Level Annotations

Branches:
Dungeon (3/15)

Altars:

Shops:
D:2 !!   D:3 [(


Innate Abilities, Weirdness & Mutations

You are amphibious.
You cover ground slowly.
You can hop short distances.
You have an extended range of vision and can be seen from far away.


Message History

Your shadow imp hits the giant cockroach.
The giant cockroach dies!
Casting: Summon Small Mammal (safe; 1% risk of failure)
Confirm with . or Enter, or press ? or * to list all spells.
Casting: Summon Small Mammal (safe; 1% risk of failure)
Confirm with . or Enter, or press ? or * to list all spells.
The bat barely misses your shadow imp.
The bat hits your shadow imp but does no damage.
Your shadow imp misses the bat.
The bat completely misses your shadow imp.
The bat barely misses your shadow imp. The ball python barely misses your rat.
The ball python grabs your rat. The ball python constricts your rat.
The bat misses your shadow imp.
Your rat bites the ball python.
The ball python dies!
The bat hits your bat but does no damage.
Your bat hits the bat.
Your shadow imp gestures at the bat.
The bat writhes in agony!
The bat dies!
Key pressed, stopping explore.
Your rat disappears in a puff of smoke!
Your bat disappears in a puff of smoke!
HP restored.
Your shadow imp disappears in a puff of smoke!
Things that are here:
a +0 dagger; a goblin corpse
There is an entrance to Roazou's Weapon Emporium here.
Things that are here:
a +0 dagger; a goblin corpse
Things that are here:
a +0 club; a +0 scale mail You see here a +0 dagger.
There is an entrance to Ochonk's Armour Shop here.
Unknown command.
Unknown command.
Unknown command.
Welcome back, gruber the Barachi Summoner.
Press ? for a list of commands and other information.
Unknown command.
Are you sure you want to abandon this character and quit the game? (Confirm with "yes".)

#.......#
.#####.......### #
.............#.+ .#
........#......## .#
........#.##.##.# .#
........#.##.##.##.#
.............†..>..#
.......⌠.⌠###.#.##.#
........@.###..∩##.#
.......⌠.⌠.)[.)....#
........#####.#####....
######## ### ##.


There were no monsters in sight!

Vanquished Creatures
  2 ball pythons (D:1)
  2 frilled lizards
  A goblin (D:1)
  A kobold (D:1)
  A rat (D:1)
7 creatures vanquished.

Vanquished Creatures (collateral kills)
  A worm (D:2)
  A dart slug (D:2)
  An orc (D:3)
  3 endoplasms (D:2)
  2 giant cockroaches
  4 goblins
  A hobgoblin (D:1)
  5 ball pythons
  3 bats
  A frilled lizard (D:1)
  6 kobolds
  3 rats
31 creatures vanquished.

Grand Total: 38 creatures vanquished

Notes
Turn   | Place    | Note
-------+----------+-------------------------------------------
     0 | D:1      | gruber the Barachi Summoner began the quest for the Orb.
     0 | D:1      | Reached XP level 1. HP: 13/13 MP: 3/3
   245 | D:1      | Reached skill level 5 in Summonings
   508 | D:1      | Reached XP level 2. HP: 3/19 MP: 0/5
  1234 | D:1      | Learned a level 2 spell: Call Imp
  1326 | D:1      | Found a faded altar of an unknown god.
  2359 | D:2      | Reached XP level 3. HP: 24/24 MP: 2/7
  3037 | D:2      | Found Tohauck's Distillery.
  3111 | D:2      | Found Icier's Distillery.
  3267 | D:3      | Found Ochonk's Armour Shop.
  3269 | D:3      | Found Roazou's Weapon Emporium.
  3401 | D:3      | Upgraded the game from 0.28-a0-407-g69098e2f6d to
                  | 0.28-a0-422-gd71735cc25
  3401 | D:3      | Quit the game

Illustrated notes

Levels and vault maps discovered:
D:1:      tarquinn_simple_flora_water_c, layout_loops_ring,
          dreamdust_ecumenical_altar_angels_and_demons, minmay_misc_feat_encased
D:2:      layout_basic, serial_shops, nicolae_lakefront_shop, shop,
          chequers_serial_rivers_micro_a, wander_ebering_terrifying_dragon_lair
D:3:      layout_loops_cross, gammafunk_temple_overflow_pools,
          jmf_multi_god_temple2, serial_shops, nicolae_shop_window_shopping,
          nicolae_shop_statue_plus, shop, shop_fountains,
          kennysheep_pointless_box, uniq_crazy_yiuf_cottage, uniq_terence

Skill      XL: |  1  2  3 |
---------------+----------+-----
Summonings     | 5 |  5.7
Spellcasting   | 3 |  3.1
Dodging        | |  2.1
Stealth        | |  1.7

Action                   || total
-------------------------++-------
Melee: Unarmed           ||   140
 Cast: Summon Small Mamm ||    40
       Call Imp          ||    19
 Abil: Hop               ||     2
 Stab: Sleeping          ||     2
       Distracted        ||     1
Armor: Robe              ||    19
Dodge: Dodged            ||   103

Table legend: (Time is in decaauts)
 A = Elapsed time spent in this place.
 B = Non-inter-level travel time spent in this place.
 C = Inter-level travel time spent in this place.
 D = Time resting spent in this place.
 E = Time spent auto-exploring this place.
 F = Levels seen in this place.
 G = Mean time per level.
                   A        B        C        D        E       F      G
               +--------+--------+--------+--------+--------+-----+--------+
         Total |   3618 |   3587 |     31 |      0 |   3137 |   3 | 1206.0 |
       Dungeon |   3618 |   3587 |     31 |      0 |   3137 |   3 | 1206.0 |
               +--------+--------+--------+--------+--------+-----+--------+

Top non-repeatable levels by time:
     D:2: 1851 daAuts
     D:1: 1580 daAuts
     D:3: 186 daAuts
